 Dungeon Crawl Stone Soup version 0.30-a0-1123-gabc949cf19 (console) character file.

Game seed: 10564452018032400443

261 petzl the Sneak (level 6, -8/47 HPs)
             Began as a Formicid Delver on Apr 22, 2023.
             Mangled by a sleepcap (20 damage)
             ... on level 4 of the Dungeon.
             The game lasted 00:14:33 (3555 turns).

petzl the Sneak (Formicid Delver)                   Turns: 3555, Time: 00:14:33

Health: -8/47      AC: 10    Str: 16    XL:     6   Next: 41%
Magic:  10/10      EV:  2    Int: 12    God:
Gold:   26         SH:  0    Dex: 15    Spells: 11/11 levels left

rFire   . . .        a - +2 dagger (protect) {!f =f}
rCold   . . .        j - +0 buckler
rNeg    + . .        q - +0 leather armour
rPois   .            (helmet unavailable)
rElec   .            (no cloak)
rCorr   .            (no gloves)
SInv    +            (no boots)
Will    +....        (no amulet)
Stlth   +++          w - ring of willpower
HPRegen 0.27/turn    t - ring of positive energy
MPRegen 0.12/turn

%: no passive effects
@: sleeping, under a protective aura
A: permanent stasis, dig shafts and tunnels, antennae 3, four strong arms
a: Dig, Shaft Self


You were on level 4 of the Dungeon.
You visited 1 branch of the dungeon, and saw 8 of its levels.

You collected 141 gold pieces.
You spent 115 gold pieces at shops.

Inventory:

Hand Weapons
 a - a +2 dagger of protection (weapon) {!f =f}
 b - a +0 heavy sling
 s - a +0 mace
 D - a +2 heavy trident
Armour
 j - a +0 buckler (worn)
 q - a +0 leather armour (worn)
Jewellery
 m - a ring of ice
 t - a ring of positive energy (right hand)
 w - a ring of willpower (left hand)
 y - a ring of resist corrosion
 B - a ring of wizardry
Wands
 f - a wand of flame (28)
 i - a wand of polymorph (9)
Scrolls
 c - a scroll of fog
 d - 4 scrolls of magic mapping
 e - a scroll of enchant weapon {unknown}
 h - 2 scrolls of enchant armour {unknown}
 k - 2 scrolls of teleportation {unknown}
 n - 4 scrolls of immolation {unknown}
 p - a scroll of summoning
 x - a scroll of amnesia
 C - a scroll of identify
Potions
 g - a potion of resistance {unknown}
 l - a potion of ambrosia {unknown}
 o - a potion of attraction {unknown}
 r - 2 potions of brilliance {unknown}
 u - 3 potions of curing {unknown}
 v - a potion of flight {unknown}
 A - a potion of lignification {unknown}


   Skills:
 - Level 3.5 Fighting
 - Level 2.3 Maces & Flails
 + Level 2.3 Ranged Weapons
 - Level 2.1 Dodging
 - Level 6.2 Stealth
 - Level 4.0 Shields
 + Level 3.1 Spellcasting
 + Level 0.0 Evocations


You had 11 spell levels left.
You didn't know any spells.
Your spell library contained the following spells:

 Spells                   Type           Power      Damage    Failure   Level
 Necrotise                Necr           4%         1d4       36%         1
 Summon Guardian Golem    Hex/Summ       1%         N/A       73%         3
 Vampiric Draining        Necr           1%         2d6       73%         3
 Agony                    Necr           1%         N/A       100%        5
 Orb of Destruction       Conj           0%         9d5       100%        7
 Spellforged Servitor     Conj/Summ      0%         N/A       100%        7


Dungeon Overview and Level Annotations

Branches:
Dungeon (8/15)
 Temple: D:4-7         Lair: D:8-11

Altars:
Zin

Shops:
D:1 ?

Annotations:
D:3 exclusion: downstairs, Ijyb
D:4 exclusion: downstairs
D:5 exclusion: sensed monster (detected)
D:6 exclusion: downstairs
D:7 exclusion: downstairs


Innate Abilities, Weirdness & Mutations

You cannot be hasted, slowed, berserked, paralysed or teleported.
You can dig through walls and to a lower floor.
You have a pair of large antennae on your head. (SInv)
Your four strong arms can wield two-handed weapons with a shield.


Message History

You hit the sleepcap but do no damage.
The sleepcap is severely damaged.
The sleepcap releases spores at you.
You are engulfed in a cloud of soporific spores!
You fall asleep.
The sleepcap releases spores at you!!
You wake up.
You are engulfed in a cloud of soporific spores!
You are unaffected.
Unknown command.
Unknown command.
Unknown command.
Unknown command.
You hit the sleepcap.
The sleepcap is almost destroyed.
The sleepcap releases spores at you.
You hit the sleepcap but do no damage.
The sleepcap is almost destroyed.
The sleepcap releases spores at you but does no damage.
Aiming: Throw Flame
Press: ? - help, Shift-Dir - straight line, f/p - sleepcap
Aim: a sleepcap (almost destroyed, 100% to hit)
The puff of flame hits the sleepcap.
The sleepcap is almost destroyed.
The sleepcap releases spores at you.
* * * LOW HITPOINT WARNING * * *
Unknown command.
Unknown command.
Unknown command.
Unknown command.
Aiming: Throw Flame
Press: ? - help, Shift-Dir - straight line, f/p - sleepcap
Aim: a sleepcap (almost destroyed, 100% to hit)
The puff of flame hits the sleepcap.
The sleepcap is almost destroyed.
The sleepcap releases spores at you.
* * * LOW HITPOINT WARNING * * *
You are engulfed in a cloud of soporific spores!
You fall asleep.
The sleepcap releases spores at you!!
You die...

...# ...# ...##
....# ...###.....
#....#..... ..
......... . #
#.....# # ##.
####.....# #
..#...##........#
#
.......@f###.<..#
# ...#....##
##...# # #....#
#...# # ##...#
##.... # #....
..... # ##...
.....# #...
....## #....
..... # . .. #.


You could see a sleepcap.

Vanquished Creatures
  A jelly (D:5)
  A hound (D:7)
  An orc priest (D:3)
  Jessica (D:3)
  Robin (D:3)
  3 adders
  3 gnolls (D:2)
  2 dart slugs (D:2)
  5 orcs (D:3)
  4 ball pythons
  7 endoplasms
  11 goblins
  8 hobgoblins
  3 kobolds
  5 quokkas
  5 bats
  7 frilled lizards
  4 rats
72 creatures vanquished.

Notes
Turn   | Place    | Note
-------+----------+-------------------------------------------
     0 | D:5      | petzl the Formicid Delver began the quest for the Orb.
     0 | D:5      | Reached XP level 1. HP: 18/18 MP: 1/1
     5 | D:5      | Reached XP level 2. HP: 21/24 MP: 2/2
   113 | D:7      | Noticed a phantom
   257 | D:8      | Noticed a yak
   377 | D:7      | Reached skill level 1 in Shields
   377 | D:7      | Reached skill level 1 in Spellcasting
   377 | D:7      | Reached XP level 3. HP: 11/29 MP: 2/4
   377 | D:7      | Reached XP level 4. HP: 13/35 MP: 2/5
   492 | D:5      | Noticed an ogre
  1400 | D:1      | Found a faded altar of an unknown god.
  1540 | D:1      | Found Ceriut's Magic Scroll Shoppe.
  1770 | D:1      | Bought a scroll of identify for 20 gold pieces
  1838 | D:2      | Reached XP level 5. HP: 36/41 MP: 6/8
  1845 | D:2      | Reached skill level 1 in Ranged Weapons
  2600 | D:3      | Noticed Ijyb
  2794 | D:1      | Bought a scroll of brand weapon for 95 gold pieces
  2882 | D:3      | Noticed Robin
  2902 | D:3      | Killed Robin
  2983 | D:3      | Found a glowing silver altar of Zin.
  3010 | D:3      | Noticed Jessica
  3024 | D:3      | Killed Jessica
  3025 | D:3      | Reached XP level 6. HP: 47/47 MP: 9/9
  3124 | D:3      | You fall into a shaft and drop 2 floors!
  3353 | D:5      | You fall into a shaft and drop 3 floors!
  3555 | D:4      | Mangled by a sleepcap

Illustrated notes

Levels and vault maps discovered:
D:1:      spicycebolla_arrival_ecumenical, layout_loops_cross, serial_shops,
          nicolae_shop_rolled_up
D:2:      layout_loops_cross, minmay_misc_feat_enclosed
D:3:      layout_basic, zin_statuary, uniq_ijyb, uniq_robin, uniq_jessica
D:4:      layout_layer_cave, lemuel_round_altar,
          minmay_temple_entry_enclosed_plants
D:5:      layout_rooms, lemuel_crystal_altar, enter_ossuary_5,
          nicolae_half_adder
D:6:      layout_basic, kennysheep_mini_moat, serial_glass, glass_columns_b,
          glass_columns_a, glass_columns_b, glass_columns_a, glass_columns_c,
          glass_columns_c, glass_columns_b, glass_columns_b, feat_on_display,
          feat_on_display, uniq_maggie, uniq_prince_ribbit1
D:7:      kennysheep_housing_project, layout_cave_pools, vehumet_altar_wand_db,
          kennysheep_another_room, uniq_duvessa, uniq_menkaure
D:8:      layout_basic, erik_lair_island

Skill      XL: |  1  2  3  4  5  6 |
---------------+-------------------+-----
Dodging        | 2 |  2.1
Shields        | 1 2 3 4 |  4.0
Spellcasting   | 1 2 3 |  3.1
Ranged Weapons | 1 2 |  2.3
Fighting       | |  3.5
Maces & Flails | |  2.3
Stealth        | |  6.2

Action                     |  1- 3 |  4- 6 || total
---------------------------+-------+-------++-------
  Melee: Mace              |    21 |    36 ||    57
         Dagger            |       |   114 ||   114
   Fire: Sling             |       |   157 ||   157
Ability: Dig               |       |     1 ||     1
         Shaft Self        |       |     2 ||     2
  Evoke: Wand              |       |     5 ||     5
    Use: Scroll            |     2 |     4 ||     6
   Stab: Sleeping          |     1 |     2 ||     3
 Armour: Leather armour    |     5 |    68 ||    73
  Dodge: Dodged            |    18 |   110 ||   128
  Block: Buckler           |       |    39 ||    39

Table legend: (Time is in decaauts)
 A = Elapsed time spent in this place.
 B = Non-inter-level travel time spent in this place.
 C = Inter-level travel time spent in this place.
 D = Time resting spent in this place.
 E = Time spent auto-exploring this place.
 F = Levels seen in this place.
 G = Mean time per level.
                   A        B        C        D        E       F      G
               +--------+--------+--------+--------+--------+-----+--------+
         Total |   3660 |   3326 |    334 |    516 |   1546 |   8 |  457.5 |
       Dungeon |   3660 |   3326 |    334 |    516 |   1546 |   8 |  457.5 |
               +--------+--------+--------+--------+--------+-----+--------+

Top non-repeatable levels by time:
     D:2: 1122 daAuts
     D:1: 1008 daAuts
     D:3: 527 daAuts
     D:5: 356 daAuts
     D:8: 237 daAuts
     D:6: 215 daAuts
     D:7: 146 daAuts
     D:4: 45 daAuts
